 Dungeon Crawl Stone Soup version 0.19-a0-1587-gaef70b6 (webtiles) character file.

1777 Amnesiac the Cleaver (level 9, 0/82 HPs)
             Began as a Hill Orc Monk on Sept 17, 2016.
             Was an Elder of Trog.
             Killed by nerve-wracking pain
             ... invoked by a shadow imp
             ... summoned by Eustachio
              (13 damage)
             ... on level 5 of the Dungeon.
             The game lasted 00:11:56 (5394 turns).

Amnesiac the Cleaver (Hill Orc Monk)                Turns: 5394, Time: 00:11:57

Health: 0/82       AC: 10    Str: 14    XL:     9   Next: 8%
Magic:  9/9        EV: 11    Int: 10    God:    Trog [****..]
Gold:   247        SH:  0    Dex: 16    Spells: 0 memorised, 8 levels left

rFire  . . .     SeeInvis .     a - +1 hand axe (freeze)
rCold  . . .     Gourm    .     r - +0 ring mail
rNeg   . . .     Faith    .     (no shield)
rPois  .         Spirit   .     n - +0 helmet
rElec  .         Dismiss  .     x - +0 cloak
rCorr  +         Reflect  .     j - +0 pair of gloves
MR     .....     Harm     .     s - +1 pair of boots
Stlth  +.........               (no amulet)
                                (no ring)
                                F - ring of resist corrosion

@: lethally poisoned (0 -> -3), drained
A: no striking features
a: Berserk, Trog's Hand, Brothers in Arms, Burn Spellbooks, Renounce Religion


You were on level 5 of the Dungeon.
You worshipped Trog.
Trog was greatly pleased with you.
You were not hungry.

You visited 1 branch of the dungeon, and saw 6 of its levels.

You collected 401 gold pieces.
You spent 154 gold pieces at shops.

Inventory:

Hand Weapons
 a - a +1 hand axe of freezing (weapon)
 z - a +0 war axe
Armour
 j - a +0 pair of gloves (worn)
 n - a +0 helmet (worn)
 r - a +0 ring mail (worn)
 s - a +1 pair of boots (worn)
 x - a +0 cloak (worn)
Jewellery
 m - an uncursed ring of fire
 B - an uncursed ring of protection from cold {unknown}
 F - a ring of resist corrosion (left hand)
Scrolls
 b - a scroll of immolation {unknown}
 e - 4 scrolls of amnesia {unknown}
 f - 3 scrolls of teleportation {unknown}
 g - 3 scrolls of identify
 o - 2 scrolls of enchant armour
 q - a scroll of recharging
 y - a scroll of noise {unknown}
 E - a scroll of holy word {unknown}
Potions
 h - 3 potions of curing
 k - a potion of ambrosia {unknown}
 l - 2 potions of lignification
 p - 2 potions of agility
 t - a potion of magic {unknown}
 v - a potion of brilliance
 A - a potion of heal wounds
 C - 3 potions of might
 D - a potion of flight
Comestibles
 c - 2 bread rations
 d - 3 meat rations
 i - 3 slices of pizza
 u - 2 royal jellies
 w - 4 fruits
 G - 2 beef jerkies


   Skills:
 + Level 8.7(8.4) Fighting
 * Level 12.4(12.1) Axes
 - Level 2.4(2.2) Dodging
 - Level 1.5(1.3) Stealth


You had 8 spell levels left.
You didn't know any spells.

Dungeon Overview and Level Annotations

Branches:
Dungeon (6/15)             Temple (0/1) D:6

Altars:
Cheibriados
Dithmenos
Fedhas
Kikubaaqudgha
Nemelex Xobeh
Qazlal
Trog
Vehumet
The Shining One

Shops:
D:5 !

Annotations:
D:5 Eustachio


Message History

You kill the bat!
The bat's corpse disappears in a puff of smoke!
You barely miss the quokka. You barely miss the shadow imp.
You slash the ufetubus!
You kill the ufetubus!
You hit the white imp.
You feel sick. The white imp misses you.
The shadow imp hits you but does no damage.
The quokka barely misses you.
You feel sick. The quokka barely misses you.
You barely miss Eustachio.
Eustachio is severely wounded.
You hit the white imp.
You kill the white imp!
You hit the shadow imp. You hit the quokka but do no damage.
Eustachio hits you with a rapier.
* * * LOW HITPOINT WARNING * * *
The quokka bites you but does no damage.
The shadow imp gestures at you. Pain shoots through your body!
You die...

.#...............................
.#...............................
.#.......[.......................
.#...............................
.#...........†......##..<..##....
.#..................##.....##....
.#.........................#.....
###...###...####.5..##.....#.....
###...###...####@r..##.....#.....
.#..............@...##.....##....
.#..................##.....##...#
.#.........>...............##...#
.##'######..###.....##......#...#
.##...####'####.....##......#...#
†#...................#......#...#
.#..................##.....##...#
.'..................##.....######


You could see Eustachio, a shadow imp and a quokka.

Vanquished Creatures
  The ghost of zkyp the Ducker, a novice HuGl of Gozag (D:6)
  A black bear (D:4)
  2 ogres (D:5)
  A phantom (D:4)
  Blork the orc (D:5)
  2 scorpions
  5 wights (D:6)
  A howler monkey (D:6)
  A crimson imp (D:6)
  An orc priest (D:6)
  A hound (D:6)
  A centaur skeleton (D:6)
  Jessica (D:3)
  Ijyb (D:2)
  2 orc wizards (D:6)
  4 worker ants
  Robin (D:2)
  10 adders
  4 gnolls (D:6)
  2 oozes
  3 worms
  2 dart slugs
  A leopard gecko (D:2)
  14 orcs
  6 giant cockroaches
  17 goblins
  10 hobgoblins
  5 jackals
  4 quokkas
  7 bats
  6 frilled lizards
  7 kobolds
  A leopard gecko skeleton (D:6)
  A quokka skeleton (D:6)
  6 rats
133 creatures vanquished.

Notes
Turn   | Place    | Note
-------+----------+-------------------------------------------
     0 | D:1      | Amnesiac the Hill Orc Monk began the quest for the Orb.
     0 | D:1      | Reached XP level 1. HP: 19/19 MP: 1/1
   125 | D:1      | Reached XP level 2. HP: 18/27 MP: 2/2
   417 | D:2      | Noticed Robin
   495 | D:3      | Found a bloodstained altar of Trog.
   497 | D:3      | Noticed Jessica
   501 | D:3      | Became a worshipper of Trog the Wrathful
   501 | D:3      | Reached * piety under Trog
   501 | D:3      | Reached ** piety under Trog
   510 | D:3      | Killed Jessica
   510 | D:3      | Reached skill level 5 in Axes
   510 | D:3      | Reached XP level 3. HP: 13/33 MP: 3/3
   517 | D:3      | Reached XP level 4. HP: 6/41 MP: 4/4
   521 | D:3      | HP: 3/61 [poisoned by a worker ant]
   784 | D:2      | Killed Robin
   784 | D:2      | Reached skill level 6 in Axes
  1502 | D:2      | Noticed Ijyb
  1503 | D:2      | Found a sparkling altar of Nemelex Xobeh.
  1530 | D:2      | Killed Ijyb
  1530 | D:2      | Reached XP level 5. HP: 32/47 MP: 5/5
  1778 | D:2      | Reached *** piety under Trog
  1856 | D:2      | Reached skill level 5 in Fighting
  1891 | D:2      | Found a glowing golden altar of the Shining One.
  1968 | D:2      | Found an ancient bone altar of Kikubaaqudgha.
  1969 | D:2      | Found a radiant altar of Vehumet.
  2124 | D:2      | Reached skill level 7 in Axes
  2525 | D:3      | Found a shadowy altar of Dithmenos.
  2579 | D:3      | Found a faded altar of an unknown god.
  2690 | D:3      | Reached XP level 6. HP: 37/56 MP: 6/6
  3116 | D:3      | Reached **** piety under Trog
  3194 | D:4      | Noticed a phantom
  3238 | D:4      | Killed a phantom
  3238 | D:4      | Reached skill level 8 in Axes
  3621 | D:4      | Reached XP level 7. HP: 57/63 MP: 7/7
  3830 | D:4      | Reached skill level 9 in Axes
  3926 | D:5      | Entered Level 5 of the Dungeon
  3950 | D:5      | Noticed Blork the orc
  3966 | D:5      | Killed Blork the orc
  4025 | D:5      | Found a snail-covered altar of Cheibriados.
  4217 | D:5      | Found Iplonidde's Distillery.
  4220 | D:5      | Bought a potion of heal wounds for 55 gold pieces
  4220 | D:5      | Bought a potion of agility for 44 gold pieces
  4220 | D:5      | Bought a potion of might for 44 gold pieces
  4220 | D:5      | Bought a potion of degeneration for 11 gold pieces
  4360 | D:5      | Reached skill level 10 in Axes
  4370 | D:5      | Noticed Eustachio
  4565 | D:6      | Noticed zkyp's ghost (novice HuGl)
  4582 | D:6      | Killed zkyp's ghost
  4582 | D:6      | Reached skill level 11 in Axes
  4582 | D:6      | Reached XP level 8. HP: 74/74 MP: 8/8
  4877 | D:6      | Found a blossoming altar of Fedhas.
  4879 | D:6      | Found a staircase to the Ecumenical Temple.
  4893 | D:6      | Reached skill level 12 in Axes
  5094 | D:6      | Found a stormy altar of Qazlal.
  5137 | D:6      | Reached XP level 9. HP: 54/82 MP: 9/9
  5394 | D:5      | Killed from afar by a shadow imp

Vault maps used:
D:1:      wheals_arrival_shading
D:2:      nicolae_overflow_crystal_walls, nicolae_tso_swordbearing_angel,
          gammafunk_temple_overflow_statue, uniq_robin, uniq_iyjb
D:3:      nicolae_dithmenos_through_a_glass_darkly, lemuel_crystal_altar,
          first_bread, ecumenical_altar_1, uniq_jessica
D:4:      black_bear_nest_1
D:5:      lemuel_round_altar, serial_shops, kennysheep_mini_moat,
          uniq_blork_the_orc, uniq_eustachio
D:6:      kennysheep_spiral_hall, nicolae_qazlal_eye_of_the_storm,
          hangedman_decor_diamond_cutter, minivault_27, fedhas_altar_2

Skill      XL: |  1  2  3  4  5  6  7  8 |
---------------+-------------------------+-----
Fighting       | 4 5 6 7 8 |  8.7
Axes           | 5 6 7 8 11 12 | 12.4
Dodging        | |  2.4
Stealth        | |  1.5

Action                   |  1- 3 |  4- 6 |  7- 9 || total
-------------------------+-------+-------+-------++-------
Melee: Hand axe          |    37 |   326 |   213 ||   576
       War axe           |       |    35 |       ||    35
Invok: Berserk           |     1 |     1 |     5 ||     7
  Use: Potion            |       |     3 |       ||     3
       Scroll            |       |     9 |       ||     9
 Stab: Sleeping          |     1 |     3 |       ||     4
  Eat: Chunk             |       |    10 |     8 ||    18
       Meat ration       |       |       |     1 ||     1
       Fruit             |       |       |     1 ||     1
Armor: Robe              |     8 |    29 |       ||    37
       Ring mail         |       |    84 |   107 ||   191
Dodge: Dodged            |    43 |   242 |   154 ||   439
